TOP OF THE 1ST |
Nassau Rockets batting - Pitching for Boston Rebels : LHP Luis Valentín
|
Pitching: LHP Luis Valentín
|
|
Batting: RHB Pete Harvey
|
0-0: Called Strike 0-1: Swinging Strike 0-2: SINGLE (Flyball, 8LS)
|
Batting: RHB Ed Sims
|
0-0: Called Strike 0-1: Grounds into double play, 6-4-3 (Groundball, 6)
|
Batting: LHB Bob Martin
|
0-0: Ball 1-0: Fly out, F8 (Flyball, 8LS)
|
Top of the 1st over - 0 run(s), 1 hit(s), 0 error(s), 0 left on base; Nassau 0 - Boston 0 |
BOTTOM OF THE 1ST |
Boston Rebels batting - Pitching for Nassau Rockets : LHP Bill Allan
|
Pitching: LHP Bill Allan
|
|
Batting: LHB Bill Wilson
|
0-0: Swinging Strike 0-1: Swinging Strike 0-2: Ball 1-2: Foul Ball, location: 2F 1-2: Ball 2-2: Foul Ball, location: 2F 2-2: Ground out 1-3 (Groundball, 13S)
|
Batting: RHB Ronnie Brown
|
0-0: Ball 1-0: Ball 2-0: Foul Ball, location: 2F 2-1: Called Strike 2-2: Ground out 5-3 (Groundball, 56S)
|
Batting: LHB Tony Ramírez
|
0-0: Called Strike 0-1: Reached on error, E6 (Groundball, 6M)
|
Batting: LHB Ricardo Brandariz
|
0-0: Swinging Strike 0-1: Called Strike 0-2: Foul Ball, location: 2F 0-2: Ball 1-2: Fly out, F7 (Flyball, 7M)
|
Bottom of the 1st over - 0 run(s), 0 hit(s), 1 error(s), 1 left on base; Nassau 0 - Boston 0 |
TOP OF THE 2ND |
Nassau Rockets batting - Pitching for Boston Rebels : LHP Luis Valentín
|
Batting: LHB Phil Smith
|
0-0: Called Strike 0-1: Ball 1-1: SINGLE (Line Drive, 9LS)
|
Batting: LHB Don Ramey
|
0-0: Called Strike 0-1: SINGLE (Groundball, 4M) (infield hit) Phil Smith to second
|
Batting: LHB Wilson Allen
|
0-0: Ball 1-0: SINGLE (Line Drive, 4MD) Phil Smith to third Don Ramey to second
|
Batting: RHB José Hernández
|
0-0: Ball 1-0: Ball 2-0: GRAND SLAM HOME RUN (Flyball, 7D), Distance : 395 ft
|
Batting: RHB Yaichiro Sugahara
|
0-0: Ball 1-0: Called Strike 1-1: Ball 2-1: Swinging Strike 2-2: Ball 3-2: Strikes out swinging
|
Batting: LHB José Torres
|
0-0: Ball 1-0: Swinging Strike 1-1: SINGLE (Flyball, 8RS)
|
Batting: RHB Pete Harvey
|
0-0: Swinging Strike 0-1: Foul Ball, location: 2F 0-2: Foul Ball, location: 2F 0-2: Fly out, F7 (Flyball, 78D)
|
Batting: RHB Ed Sims
|
0-0: Called Strike 0-1: Ball 1-1: Foul Ball, location: 2F 1-2: Fly out, F9 (Flyball, 9M)
|
Top of the 2nd over - 4 run(s), 5 hit(s), 0 error(s), 1 left on base; Nassau 4 - Boston 0 |
BOTTOM OF THE 2ND |
Boston Rebels batting - Pitching for Nassau Rockets : LHP Bill Allan
|
Batting: LHB Lorenzo Flores
|
0-0: Called Strike 0-1: Ball 1-1: Ball 2-1: Called Strike 2-2: Ball 3-2: SINGLE (Line Drive, 34D)
|
Batting: LHB Stanley Mullins
|
0-0: Ball 1-0: Ball 2-0: Ball 3-0: Called Strike 3-1: Swinging Strike 3-2: Strikes out swinging
|
Batting: SHB Javier Villegas
|
0-0: Ball 1-0: Grounds into double play, U6-3 (Groundball, 6)
|
Bottom of the 2nd over - 0 run(s), 1 hit(s), 0 error(s), 0 left on base; Nassau 4 - Boston 0 |
TOP OF THE 3RD |
Nassau Rockets batting - Pitching for Boston Rebels : LHP Luis Valentín
|
Batting: LHB Bob Martin
|
0-0: Ball 1-0: Called Strike 1-1: Ball 2-1: Ball 3-1: Called Strike 3-2: Strikes out swinging
|
Batting: LHB Phil Smith
|
0-0: Foul Ball, location: 2F 0-1: Called Strike 0-2: Ball 1-2: Ball 2-2: Strikes out swinging
|
Batting: LHB Don Ramey
|
0-0: Ball 1-0: Ball 2-0: Ball 3-0: Base on Balls
|
Batting: LHB Wilson Allen
|
0-0: Called Strike 0-1: Swinging Strike 0-2: Ball 1-2: Ball 2-2: Foul Ball, location: 2F 2-2: Ball 3-2: Foul Ball, location: 2F 3-2: Foul Ball, location: 2F 3-2: Foul Ball, location: 2F 3-2: Foul Ball, location: 2F 3-2: Strikes out swinging
|
Top of the 3rd over - 0 run(s), 0 hit(s), 0 error(s), 1 left on base; Nassau 4 - Boston 0 |
BOTTOM OF THE 3RD |
Boston Rebels batting - Pitching for Nassau Rockets : LHP Bill Allan
|
Batting: RHB Clancy Booker
|
0-0: Ball 1-0: Ball 2-0: Called Strike 2-1: Swinging Strike 2-2: Ball 3-2: Strikes out swinging
|
Batting: RHB Rubén Matos
|
0-0: Ball 1-0: TRIPLE (Groundball, 3L)
|
Batting: LHB Bill Wilson
|
0-0: Called Strike 0-1: Foul Ball, location: 2F 0-2: Ground out 6-3 (Groundball, 6M) Rubén Matos scores
|
Batting: RHB Ronnie Brown
|
0-0: Ball 1-0: Called Strike 1-1: Ground out 4-3 (Groundball, 4)
|
Bottom of the 3rd over - 1 run(s), 1 hit(s), 0 error(s), 0 left on base; Nassau 4 - Boston 1 |
TOP OF THE 4TH |
Nassau Rockets batting - Pitching for Boston Rebels : LHP Luis Valentín
|
Batting: RHB José Hernández
|
0-0: Swinging Strike 0-1: SINGLE (Line Drive, 9S)
|
Batting: RHB Yaichiro Sugahara
|
0-0: Called Strike 0-1: Ball 1-1: Called Strike 1-2: Fly out, F3 (Line Drive, 3) 1-2: Lined into DP, U3 (Line Drive, 3)
|
Batting: LHB José Torres
|
0-0: Called Strike 0-1: Fly out, F9 (Flyball, 9LS)
|
Top of the 4th over - 0 run(s), 1 hit(s), 0 error(s), 0 left on base; Nassau 4 - Boston 1 |
BOTTOM OF THE 4TH |
Boston Rebels batting - Pitching for Nassau Rockets : LHP Bill Allan
|
Batting: LHB Tony Ramírez
|
0-0: Called Strike 0-1: Ground out 5-3 (Groundball, 56)
|
Batting: LHB Ricardo Brandariz
|
0-0: Ball 1-0: Ball 2-0: Foul Ball, location: 2F 2-1: Ball 3-1: SINGLE (Groundball, 56D)
|
Batting: LHB Lorenzo Flores
|
0-0: Called Strike 0-1: Ball 1-1: Foul Ball, location: 2F 1-2: Ball 2-2: Foul Ball, location: 2F 2-2: Ball 3-2: Ground out 3-1 (Groundball, 34S) Ricardo Brandariz to second
|
Batting: LHB Stanley Mullins
|
0-0: Called Strike 0-1: Ball 1-1: Ground out U3 (Groundball, 3S)
|
Bottom of the 4th over - 0 run(s), 1 hit(s), 0 error(s), 1 left on base; Nassau 4 - Boston 1 |
TOP OF THE 5TH |
Nassau Rockets batting - Pitching for Boston Rebels : LHP Luis Valentín
|
Pitching: RHP Manuel Jimenen
|
|
Batting: RHB Pete Harvey
|
0-0: Ball 1-0: Ball 2-0: Called Strike 2-1: Fly out, F8 (Line Drive, 8LD)
|
Batting: RHB Ed Sims
|
0-0: Foul Ball, location: 2F 0-1: Ball 1-1: Hit by Pitch
|
Batting: LHB Bob Martin
|
0-0: Ball 1-0: Ground out U3 (Groundball, 3S) Ed Sims to second
|
Batting: LHB Phil Smith
|
0-0: Called Strike 0-1: Ball 1-1: Fly out, F8 (Flyball, 89M)
|
Top of the 5th over - 0 run(s), 0 hit(s), 0 error(s), 1 left on base; Nassau 4 - Boston 1 |
BOTTOM OF THE 5TH |
Boston Rebels batting - Pitching for Nassau Rockets : LHP Bill Allan
|
Pitching: RHP Jeong Pak
|
|
Batting: SHB Javier Villegas
|
0-0: Ball 1-0: Called Strike 1-1: Ground out U3 (Groundball, 3)
|
Batting: RHB Clancy Booker
|
0-0: Swinging Strike 0-1: Ball 1-1: Ball 2-1: Swinging Strike 2-2: Ball 3-2: Strikes out swinging
|
Batting: RHB Rubén Matos
|
0-0: Called Strike 0-1: Fly out, F9 (Flyball, 9LM)
|
Bottom of the 5th over - 0 run(s), 0 hit(s), 0 error(s), 0 left on base; Nassau 4 - Boston 1 |
TOP OF THE 6TH |
Nassau Rockets batting - Pitching for Boston Rebels : RHP Manuel Jimenen
|
Batting: LHB Don Ramey
|
0-0: Ground out 3-1 (Groundball, 3)
|
Batting: LHB Wilson Allen
|
0-0: Ball 1-0: Called Strike 1-1: Ball 2-1: Ball 3-1: Foul Ball, location: 2F 3-2: Base on Balls
|
Batting: RHB José Hernández
|
0-0: Foul Ball, location: 2F 0-1: Ground out 5-3 (Groundball, 56S) Wilson Allen to second
|
Batting: RHB Yaichiro Sugahara
|
0-0: Called Strike 0-1: Hit by Pitch
|
Batting: LHB José Torres
|
0-0: Swinging Strike 0-1: Swinging Strike 0-2: Ball 1-2: Strikes out looking
|
Top of the 6th over - 0 run(s), 0 hit(s), 0 error(s), 2 left on base; Nassau 4 - Boston 1 |
BOTTOM OF THE 6TH |
Boston Rebels batting - Pitching for Nassau Rockets : RHP Jeong Pak
|
Batting: LHB Bill Wilson
|
0-0: Swinging Strike 0-1: Ball 1-1: Ball 2-1: Foul Ball, location: 2F 2-2: Ball 3-2: Base on Balls
|
Batting: RHB Ronnie Brown
|
0-0: Called Strike 0-1: Ball 1-1: Fly out, F3 (Popup, 3F)
|
Batting: LHB Tony Ramírez
|
0-0: Ball Bill Wilson is caught stealing 2nd base 1-0: Ball 2-0: Called Strike 2-1: Ball 3-1: Foul Ball, location: 2F 3-2: Fly out, F8 (Flyball, 8RM)
|
Bottom of the 6th over - 0 run(s), 0 hit(s), 0 error(s), 0 left on base; Nassau 4 - Boston 1 |
TOP OF THE 7TH |
Nassau Rockets batting - Pitching for Boston Rebels : RHP Manuel Jimenen
|
Pitching: RHP Chad Field
|
|
Pinch Hitting: LHB Doug Thompson
|
0-0: Called Strike 0-1: Ball 1-1: Ball 2-1: Ball 3-1: Reached on error, E4 (Groundball, 4)
|
Batting: LHB Andrew Alvarado
|
0-0: Called Strike 0-1: Foul Ball, location: 2F 0-2: Ball 1-2: Ball 2-2: Ball 3-2: Foul Ball, location: 2F 3-2: Foul Ball, location: 2F 3-2: SINGLE (Line Drive, 34) Doug Thompson to third
|
Pinch Hitting: LHB Enrique Cortéz
|
0-0: Called Strike 0-1: Fly out, F2 (Popup, 2RF)
|
Pinch Hitting: SHB Chris Bennis
|
0-0: Ball 1-0: Called Strike 1-1: Ball 2-1: Called Strike 2-2: Strikes out swinging
|
Pinch Hitting: LHB Jimmy Husted
|
0-0: Ball 1-0: Called Strike 1-1: Ball 2-1: Foul Ball, location: 2F 2-2: Ball 3-2: Strikes out looking
|
Top of the 7th over - 0 run(s), 1 hit(s), 1 error(s), 2 left on base; Nassau 4 - Boston 1 |
TOP OF THE 8TH |
Nassau Rockets batting - Pitching for Boston Rebels : RHP Chad Field
|
Pinch Hitting: RHB Marc Cox
|
0-0: Ball 1-0: Ball 2-0: Ball 3-0: Called Strike 3-1: Base on Balls
|
Pinch Hitting: SHB Howard Parker
|
0-0: Sac Bunt - play at first, batter OUT! 6-3 Marc Cox to second
|
Batting: RHB Yaichiro Sugahara
|
0-0: Swinging Strike 0-1: SINGLE (Groundball, 15S) (infield hit) Marc Cox to third
|
Pinch Hitting: RHB Francisco Rincón
|
0-0: Called Strike 0-1: Called Strike 0-2: SINGLE (Line Drive, 9LS) Marc Cox scores Yaichiro Sugahara to second Runner from 2nd tries for 3rd, SAFE, no throw or cutoff
|
Batting: LHB Doug Thompson
|
0-0: Ball 1-0: Ball 2-0: Foul Ball, location: 2F 2-1: Swinging Strike 2-2: Foul Ball, location: 2F 2-2: Strikes out swinging
|
Batting: LHB Andrew Alvarado
|
0-0: Called Strike 0-1: Ball 1-1: Ball 2-1: Ball 3-1: Called Strike 3-2: Fly out, F6 (Popup, 56)
|
Top of the 8th over - 1 run(s), 2 hit(s), 0 error(s), 2 left on base; Nassau 5 - Boston 1 |
BOTTOM OF THE 8TH |
Boston Rebels batting - Pitching for Nassau Rockets : RHP Kei Hashimoto
|
Now at 1B: Victor Antelo
|
|
Now at 2B: Howard Parker
|
|
Now at 3B: Francisco Rincón
|
|
Batting: SHB Javier Villegas
|
0-0: Called Strike 0-1: Ball 1-1: Ball 2-1: Ball 3-1: Base on Balls
|
Batting: RHB Clancy Booker
|
0-0: Called Strike 0-1: Ball 1-1: Foul Ball, location: 2F 1-2: Foul Ball, location: 2F 1-2: Foul Ball, location: 2F 1-2: Foul Ball, location: 2F 1-2: Strikes out swinging
|
Batting: RHB Rubén Matos
|
0-0: Ball 1-0: Ball 2-0: Ball 3-0: Grounds into double play, 1-6-3 (Groundball, 13)
|
Bottom of the 8th over - 0 run(s), 0 hit(s), 0 error(s), 0 left on base; Nassau 5 - Boston 1 |
TOP OF THE 9TH |
Nassau Rockets batting - Pitching for Boston Rebels : RHP Chad Field
|
Batting: LHB Enrique Cortéz
|
0-0: Ball 1-0: Ball 2-0: SINGLE (Line Drive, 4MD)
|
Batting: LHB Felipe Cruz
|
0-0: Ball 1-0: Swinging Strike 1-1: Ball 2-1: Ground out 3-1 (Groundball, 34) Enrique Cortéz to second
|
Batting: RHB Salvador Borbón
|
0-0: Called Strike 0-1: Foul Ball, location: 2F 0-2: Ball 1-2: Ground out 6-3 (Groundball, 56)
|
Batting: RHB Victor Antelo
|
0-0: Foul Ball, location: 2F 0-1: SINGLE (Flyball, 8LS) Enrique Cortéz to third
|
Batting: SHB Howard Parker
|
0-0: Ground out 5-3 (Groundball, 56S)
|
Top of the 9th over - 0 run(s), 2 hit(s), 0 error(s), 2 left on base; Nassau 5 - Boston 1 |
BOTTOM OF THE 9TH |
Boston Rebels batting - Pitching for Nassau Rockets : RHP Kei Hashimoto
|
Batting: LHB Bill Wilson
|
0-0: Bunted foul 0-1: SINGLE (Line Drive, 56)
|
Batting: RHB Ronnie Brown
|
0-0: Called Strike 0-1: Called Strike 0-2: DOUBLE (Line Drive, 5D) Bill Wilson to third
|
Pitching: LHP Mike Doss
|
|
Pinch Hitting: RHB Rob Whitley
|
0-0: Ball 1-0: Called Strike 1-1: Foul Ball, location: 2F 1-2: DOUBLE (Line Drive, 89XD) Bill Wilson scores Ronnie Brown scores
|
Pinch Hitting: LHB Doyle Otterburn
|
0-0: Foul Ball, location: 2F 0-1: Ball 1-1: Ground out 4-3 (Groundball, 4M) Rob Whitley to third
|
Pinch Hitting: RHB Roberto Chávez
|
0-0: Fly out, F3 (Popup, 3DF)
|
Batting: RHB Felipe Olivas
|
0-0: Foul Ball, location: 2F 0-1: Foul Ball, location: 2F 0-2: Strikes out swinging
|
Bottom of the 9th over - 2 run(s), 3 hit(s), 0 error(s), 1 left on base; Nassau 5 - Boston 3 |
|